 Dungeon Crawl Stone Soup version 0.20-a0-187-ge5586d949a (webtiles) character file.

116 Faca the Shield-Bearer (level 5, -2/41 HPs)
             Began as a Formicid Fighter on Nov 23, 2016.
             Slain by Edmund
             ... wielding a +6 flail of crushing
              (4 damage)
             ... on level 4 of the Dungeon.
             The game lasted 00:11:45 (2545 turns).

Faca the Shield-Bearer (Formicid Fighter)           Turns: 2545, Time: 00:11:45

Health: -2/41      AC:  9    Str: 20    XL:     5   Next: 20%
Magic:  5/5        EV:  8    Int:  8    God:
Gold:   142        SH:  9    Dex: 11    Spells: 4/4 levels left

rFire  . . .     SeeInvis +     a - +1 war axe
rCold  . . .     Gourm    .     b - +0 scale mail
rNeg   . . .     Faith    .     c - +0 shield
rPois  .         Spirit   .     (helmet unavailable)
rElec  .         Reflect  .     p - +0 cloak
rCorr  .         Harm     .     (no gloves)
MR     .....                    o - +0 pair of boots
Stlth  +.........               (no amulet)
                                (no ring)
                                i - ring of stealth

@: no status effects
A: permanent stasis, dig shafts and tunnels, four strong arms, antennae 3
a: Dig, Shaft Self


You were on level 4 of the Dungeon.
You were not hungry.

You visited 1 branch of the dungeon, and saw 4 of its levels.

You collected 142 gold pieces.

Inventory:

Hand Weapons
 a - a +1 war axe (weapon)
Armour
 b - a +0 scale mail (worn)
 c - a +0 shield (worn)
 o - a +0 pair of boots (worn)
 p - a +0 cloak (worn)
Jewellery
 i - a ring of stealth (left hand)
Wands
 q - a wand of iceblast (6/15)
Scrolls
 e - 3 scrolls of identify
 n - a scroll of remove curse
Potions
 d - 2 potions of might
 g - a potion of heal wounds {unknown}
 h - a potion of berserk rage {unknown}
 j - a potion of lignification {unknown}
 k - a potion of invisibility {unknown}
 m - 2 potions of curing {unknown}
 r - a potion of degeneration {unknown}
 s - a potion of haste {unknown}
Comestibles
 f - a bread ration
 l - a beef jerky


   Skills:
 + Level 3.6 Fighting
 + Level 3.3 Axes
 + Level 4.1 Armour
 + Level 0.1 Dodging
 + Level 0.6 Stealth
 + Level 4.4 Shields


You had 4 spell levels left.
You didn't know any spells.

Dungeon Overview and Level Annotations

Branches:
Dungeon (4/15)
 Temple: D:4-7

Altars:
Kikubaaqudgha
Ru
Zin

Annotations:
D:4 Edmund


Innate Abilities, Weirdness & Mutations

You cannot be hasted, slowed, berserked, paralysed or teleported.
You can dig through walls and to a lower floor.
Your four strong arms can wield two-handed weapons with a shield.
You have a pair of large antennae on your head. (SInv)


Message History

Edmund is lightly wounded.
You block Edmund's attack.
You hit Edmund but do no damage.
Edmund is lightly wounded.
Edmund hits you with a flail of crushing!
You hit Edmund.
Edmund is moderately wounded.
Edmund barely misses you. x2
You slash Edmund!
Edmund is heavily wounded.
Edmund hits you with a flail of crushing!
* * * LOW HITPOINT WARNING * * *
x2 You hit Edmund but do no damage.
Edmund is heavily wounded.
Edmund hits you with a flail of crushing.
* * * LOW HITPOINT WARNING * * *
x2 You barely miss Edmund.
Edmund is heavily wounded.
Edmund hits you with a flail of crushing.
You die... ######## #<.@@..# ######.# {

You could see Edmund.

Vanquished Creatures
  Natasha (D:3)
  2 adders (D:3)
  An ooze (D:3)
  4 worms (D:2)
  A dart slug (D:3)
  A leopard gecko (D:2)
  An orc (D:3)
  5 bats
  5 giant cockroaches (D:2)
  7 goblins
  5 hobgoblins
  4 jackals
  A ball python (D:1)
  5 frilled lizards
  5 kobolds
  4 rats (D:3)
52 creatures vanquished.

Notes
Turn   | Place    | Note
-------+----------+-------------------------------------------
     0 | D:1      | Faca the Formicid Fighter began the quest for the Orb.
     0 | D:1      | Reached XP level 1. HP: 18/18 MP: 1/1
   290 | D:1      | Reached XP level 2. HP: 24/24 MP: 2/2
  1192 | D:1      | Reached XP level 3. HP: 29/29 MP: 3/3
  1553 | D:2      | Reached XP level 4. HP: 35/36 MP: 4/4
  1828 | D:3      | Found a sacrificial altar of Ru.
  1828 | D:3      | Found an ancient bone altar of Kikubaaqudgha.
  1829 | D:3      | Found a glowing silver altar of Zin.
  2267 | D:3      | Noticed Natasha
  2275 | D:3      | Killed Natasha
  2275 | D:3      | Reached XP level 5. HP: 36/41 MP: 5/5
  2526 | D:4      | Noticed Edmund
  2544 | D:4      | HP: 2/41 [Edmund/flail of crushing (1)]
  2545 | D:4      | Slain by Edmund

Vault maps used:
D:1:      erik_arrival_triangle_medium, hangedman_abyss_or_decor_stabs
D:3:      gammafunk_temple_overflow_claw, uniq_natasha
D:4:      serial_glass, glass_columns_a, glass_columns_c,
          hangedman_abyss_or_decor_passed, corexii_leaking_fountain,
          trog_hazing_becter, uniq_edmund, uniq_robin

Skill      XL: |  1  2  3  4 |
---------------+-------------+-----
Shields        | 4 |  4.4
Axes           | 3 |  3.3
Armour         | 4 |  4.1
Fighting       | |  3.6
Dodging        | |  0.1
Stealth        | |  0.6

Action                   |  1- 3 |  4- 6 || total
-------------------------+-------+-------++-------
Melee: War axe           |   104 |    77 ||   181
  Use: Scroll            |     4 |     1 ||     5
  Eat: Beef jerky        |     1 |       ||     1
       Bread ration      |     1 |       ||     1
Armor: Scale mail        |    35 |    29 ||    64
Dodge: Dodged            |    32 |    23 ||    55
Block: Shield            |    51 |    37 ||    88
